% Time on Ice - PORTLAND PIRATES
Lines # - Real PCT - Wanted PCT - Time Play
Normal Forward
1 - 34% - 33% - 17:05
2 - 32% - 32% - 15:58
3 - 28% - 28% - 14:01
4 - 6% - 7% - 3:01
Normal Defense
1 - 30% - 33% - 14:51
2 - 33% - 33% - 16:19
3 - 29% - 28% - 14:17
4 - 9% - 6% - 4:38
PP Forward
1 - 51% - 60% - 1:01
2 - 49% - 40% - 0:58
PP Defense
1 - 49% - 60% - 0:58
2 - 51% - 40% - 1:01
PK Forward
1 - 63% - 60% - 2:31
2 - 37% - 40% - 1:27
PK Defense
1 - 58% - 60% - 2:19
2 - 42% - 40% - 1:39
PK3 Forward
1 - 0% - 60%
2 - 0% - 40%
PK3 Defense
1 - 0% - 60%
2 - 0% - 40%
44 Forward
1 - 58% - 60% - 2:18
2 - 42% - 40% - 1:40
44 Defense
1 - 54% - 60% - 2:08
2 - 46% - 40% - 1:50
Last Minute Offensive  - 0:00
Last Minute Defensive  - 0:00
Total
Forward - 60:00
Defense - 60:00
% Time on Ice - SAN FRANCISCO SPIDERS
Lines # - Real PCT - Wanted PCT - Time Play
Normal Forward
1 - 26% - 30% - 13:08
2 - 28% - 30% - 13:52
3 - 24% - 20% - 12:11
4 - 22% - 20% - 10:54
Normal Defense
1 - 32% - 34% - 15:53
2 - 34% - 33% - 17:09
3 - 33% - 32% - 16:17
4 - 2% - 1% - 0:46
PP Forward
1 - 38% - 55% - 1:31
2 - 62% - 45% - 2:27
PP Defense
1 - 33% - 55% - 1:18
2 - 67% - 45% - 2:40
PK Forward
1 - 59% - 55% - 1:10
2 - 41% - 45% - 0:49
PK Defense
1 - 47% - 55% - 0:56
2 - 53% - 45% - 1:03
PK3 Forward
1 - 0% - 55%
2 - 0% - 45%
PK3 Defense
1 - 0% - 55%
2 - 0% - 45%
44 Forward
1 - 73% - 55% - 2:54
2 - 27% - 45% - 1:04
44 Defense
1 - 23% - 55% - 0:55
2 - 77% - 45% - 3:03
Last Minute Offensive  - 0:00
Last Minute Defensive  - 0:00
Total
Forward - 60:00
Defense - 60:00
Play-by-Play 1st period 0:01 of 1st period - Jonathan Toews wins face-off versus Danton Heinen in neutral zone. 0:18 of 1st period - Shot by Gabriel Landeskog. 0:18 of 1st period - Shot Misses the Net. 0:20 of 1st period - Shot by Brett Pesce. 0:20 of 1st period - Shot Misses the Net. 0:28 of 1st period - Shot by Travis Konecny. 0:28 of 1st period - Shot Misses the Net. 0:30 of 1st period - Shot by Brett Pesce. 0:30 of 1st period - Shot Misses the Net. 0:40 of 1st period - Shot by Travis Konecny. 0:40 of 1st period - Shot Blocked by Michael Stone. 0:42 of 1st period - Shot by Jonathan Toews. 0:42 of 1st period - Shot Blocked by Jordan Oesterle. 1:37 of 1st period - Shot by Robert Thomas. 1:37 of 1st period - Shot Blocked by Andrei Svechnikov. 1:51 of 1st period - Shot by Brett Connolly. 1:51 of 1st period - Stopped by Malcolm Subban with a rebound. 1:53 of 1st period - Shot by Chandler Stephenson. 1:53 of 1st period - Stopped by Malcolm Subban without a rebound. 1:54 of 1st period - Kirby Dach wins face-off versus Jason Dickinson in SAN FRANCISCO SPIDERS zone. 2:11 of 1st period - Shot by Brett Connolly. 2:11 of 1st period - Stopped by Malcolm Subban with a rebound. 2:29 of 1st period - Shot by Brett Connolly. 2:29 of 1st period - Stopped by Malcolm Subban without a rebound. 2:30 of 1st period - Jonathan Toews wins face-off versus Calle Jarnkrok in SAN FRANCISCO SPIDERS zone. 2:39 of 1st period - Shot by Travis Konecny. 2:39 of 1st period - Deflect By Jonathan Toews. 2:39 of 1st period - Shot Blocked by Nate Schmidt. 2:44 of 1st period - Nate Schmidt is hit by Rasmus Ristolainen and loses puck. 2:58 of 1st period - Calle Jarnkrok is hit by Rasmus Ristolainen and loses puck. 3:09 of 1st period - Shot by Calle Jarnkrok. 3:09 of 1st period - Stopped by Jonathan Bernier without a rebound. 3:10 of 1st period - Erik Haula wins face-off versus Chandler Stephenson in PORTLAND PIRATES zone. 4:15 of 1st period - Pavel Zacha is hit by Tyler Myers and loses puck. 4:21 of 1st period - Pavel Zacha is hit by Tyler Myers and loses puck. 4:30 of 1st period - Shot by Pavel Zacha. 4:30 of 1st period - Stopped by Malcolm Subban without a rebound. 4:31 of 1st period - Jonathan Toews wins face-off versus Kirby Dach in SAN FRANCISCO SPIDERS zone. 4:55 of 1st period - Shot by Nate Schmidt. 4:55 of 1st period - Goal by Nate Schmidt - PORTLAND PIRATES : 0 - SAN FRANCISCO SPIDERS : 1. 4:56 of 1st period - Pavel Zacha wins face-off versus Calle Jarnkrok in neutral zone. 5:03 of 1st period - Shot by Rickard Rakell. 5:03 of 1st period - Shot Misses the Net. 5:17 of 1st period - Shot by Rickard Rakell. 5:17 of 1st period - Shot Misses the Net. 5:31 of 1st period - Shot by Robert Thomas. 5:31 of 1st period - Deflect By Pavel Zacha. 5:31 of 1st period - Stopped by Malcolm Subban without a rebound. 5:32 of 1st period - Chandler Stephenson wins face-off versus Kirby Dach in SAN FRANCISCO SPIDERS zone. 5:51 of 1st period - Brett Connolly is hit by Darnell Nurse and loses puck. 6:05 of 1st period - Kirby Dach is hit by Brett Pesce and loses puck. 6:50 of 1st period - Shot by Jonathan Toews. 6:50 of 1st period - Stopped by Malcolm Subban without a rebound. 6:51 of 1st period - Calle Jarnkrok wins face-off versus Pavel Zacha in SAN FRANCISCO SPIDERS zone. 6:51 of 1st period - Calle Jarnkrok is hit by Rickard Rakell. 7:00 of 1st period - Shot by Jordan Oesterle. 7:00 of 1st period - Shot Misses the Net. 7:02 of 1st period - Shot by Michael Stone. 7:02 of 1st period - Shot Misses the Net. 7:04 of 1st period - Shot by Michael Stone. 7:04 of 1st period - Stopped by Jonathan Bernier without a rebound. 7:05 of 1st period - Jonathan Toews wins face-off versus Erik Haula in PORTLAND PIRATES zone. 7:37 of 1st period - Off-side. 7:38 of 1st period - Kirby Dach wins face-off versus Pavel Zacha in neutral zone. 7:49 of 1st period - Shot by Pavel Zacha. 7:49 of 1st period - Shot Misses the Net. 8:32 of 1st period - Icing by Sean Walker. 8:33 of 1st period - Chandler Stephenson wins face-off versus Kirby Dach in SAN FRANCISCO SPIDERS zone. 8:44 of 1st period - Kirby Dach is hit by Yanni Gourde and loses puck. 9:29 of 1st period - Shot by Travis Konecny. 9:29 of 1st period - Stopped by Malcolm Subban with a rebound. 9:31 of 1st period - Shot by Gabriel Landeskog. 9:31 of 1st period - Shot Blocked by Eric Robinson. 9:33 of 1st period - Shot by Travis Konecny. 9:33 of 1st period - Stopped by Malcolm Subban with a rebound. 9:56 of 1st period - Shot by Travis Konecny. 9:56 of 1st period - Stopped by Malcolm Subban with a rebound. 9:58 of 1st period - Shot by Gabriel Landeskog. 9:58 of 1st period - Shot Misses the Net. 10:02 of 1st period - Shot by Jonathan Toews. 10:02 of 1st period - Stopped by Malcolm Subban without a rebound. 10:03 of 1st period - Pavel Zacha wins face-off versus Danton Heinen in SAN FRANCISCO SPIDERS zone. 10:17 of 1st period - Danton Heinen is hit by Brett Pesce and loses puck. 10:28 of 1st period - Shot by Andrei Svechnikov. 10:28 of 1st period - Deflect By Danton Heinen. 10:28 of 1st period - Shot Misses the Net. 10:30 of 1st period - Shot by Danton Heinen. 10:30 of 1st period - Shot Misses the Net. 11:27 of 1st period - Yanni Gourde is hit by Jordan Oesterle and loses puck. 11:38 of 1st period - Shot by Brett Connolly. 11:38 of 1st period - Shot Blocked by Jordan Oesterle. 12:01 of 1st period - Shot by Gabriel Landeskog. 12:01 of 1st period - Goal by Gabriel Landeskog - PORTLAND PIRATES : 1 - SAN FRANCISCO SPIDERS : 1. 12:02 of 1st period - Erik Haula wins face-off versus Jonathan Toews in neutral zone. 12:05 of 1st period - Jonathan Toews is hit by Alexander Kerfoot and loses puck. 12:28 of 1st period - Shot by Jonathan Toews. 12:28 of 1st period - Stopped by Malcolm Subban without a rebound. 12:29 of 1st period - Pavel Zacha wins face-off versus Danton Heinen in SAN FRANCISCO SPIDERS zone. 12:34 of 1st period - Shot by Rickard Rakell. 12:34 of 1st period - Goal by Rickard Rakell - PORTLAND PIRATES : 2 - SAN FRANCISCO SPIDERS : 1. 12:35 of 1st period - Jason Dickinson wins face-off versus Danton Heinen in neutral zone. 12:52 of 1st period - Andrei Svechnikov is hit by Brett Connolly and loses puck. 13:45 of 1st period - Brett Pesce is hit by Milan Lucic. 13:56 of 1st period - Rickard Rakell is hit by Tyler Myers and loses puck. 14:38 of 1st period - Icing by Tyler Myers. 14:39 of 1st period - Chandler Stephenson wins face-off versus Erik Haula in SAN FRANCISCO SPIDERS zone. 14:44 of 1st period - Shot by Brett Connolly. 14:44 of 1st period - Stopped by Malcolm Subban without a rebound. 14:45 of 1st period - Calle Jarnkrok wins face-off versus Chandler Stephenson in SAN FRANCISCO SPIDERS zone. 14:52 of 1st period - Shot by Yanni Gourde. 14:52 of 1st period - Deflect By Brett Connolly. 14:52 of 1st period - Shot Misses the Net. 14:54 of 1st period - Shot by Brett Connolly. 14:54 of 1st period - Shot Blocked by Michael Stone. 15:03 of 1st period - Yanni Gourde is hit by Michael Stone and loses puck. 15:18 of 1st period - Shot by Yanni Gourde. 15:18 of 1st period - Shot Blocked by Calle Jarnkrok. 15:20 of 1st period - Shot by Brian Dumoulin. 15:20 of 1st period - Goal by Brian Dumoulin - PORTLAND PIRATES : 3 - SAN FRANCISCO SPIDERS : 1. 15:21 of 1st period - Jonathan Toews wins face-off versus Nico Sturm in neutral zone. 15:58 of 1st period - Shot by Tyler Myers. 15:58 of 1st period - Shot Blocked by Travis Hamonic. 16:13 of 1st period - Off-side. 16:14 of 1st period - Pavel Zacha wins face-off versus Danton Heinen in